Map: Royal Blood LE

Players

Yumiko - Winner!

  • Race: Zerg Zerg
  • Spawn Location: 7:00

VOD

Have the link to the VOD?

Description

Time

  • Played on: March 27, 2023, 10:09 p.m.
  • Length: 39:12
Show
View Real Time Build Order
Export as new Build Order

Yumiko Zerg - Winner!

Build Orders:  

Get SALT Encoding   

  12  0:53  Extractor  
  12  0:57  Extractor  
  10  1:04  Drone x2, Overlord  
  12  1:36  Drone  
  12  1:37  Drone  
  14  1:56  Drone  
  15  2:09  Spawning Pool  
  14  2:17  Drone  
  15  2:20  Evolution Chamber  
  14  2:39  Drone  
  15  2:40  Drone  
  16  3:28  Drone x2  
  16  3:29  Drone  
  19  3:36  Lair  
  19  4:19  Overlord x2  
  19  4:27  Overlord  
  19  4:39  Queen  
  21  4:58  Drone x2  
  23  5:22  Drone  
  23  5:28  Queen  
  26  6:03  Zergling x6  
  29  7:18  Zergling x2  
  29  7:19  Zergling x10  
  35  7:25  Zerg Melee Weapons Level 1  
  35  7:47  Spine Crawler  
  34  7:55  Drone x2, Spine Crawler  
  35  8:18  Metabolic Boost  
  35  8:30  Drone x2  
  37  9:11  Hatchery  
  36  9:36  Spire  
  36  9:38  Drone x4  
  36  9:39  Drone x3  
  42  10:05  Zerg Missile Weapons Level 1  
  42  10:21  Nydus Network  
  42  10:23  Infestation Pit  
  40  10:35  Hydralisk Den  
  39  10:55  Zergling x2  
  39  10:56  Zergling x12  
  45  11:32  Extractor  
  45  11:36  Extractor  
  45  11:37  Drone x2  
  45  11:38  Drone  
  46  12:37  Drone  
  46  12:38  Drone x2  
  49  12:45  Zerg Ground Armor Level 1  
  49  13:17  Hatchery  
  48  13:34  Drone x3  
  51  13:45  Overlord  
  51  13:46  Overlord x3  
  51  13:47  Overlord x2  
  51  14:10  Queen  
  53  14:22  Drone x2  
  55  14:31  Overlord  
  55  14:32  Overlord x3  
  55  14:33  Overlord x2  
  55  15:25  Zerg Melee Weapons Level 2  
  55  15:37  Nydus Canal  
  55  15:41  Hive  
  55  16:55  Lurker Den  
  54  17:03  Mutalisk  
  54  17:04  Mutalisk x15  
  54  17:05  Mutalisk  
  88  17:34  Nydus Network  
  87  17:43  Ultralisk Cavern  
  86  17:51  Nydus Network  
  86  17:54  Drone x3  
  86  17:55  Drone x2  
  90  18:04  Spine Crawler  
  89  18:27  Drone x2  
  89  18:28  Drone  
  92  18:35  Zerg Missile Weapons Level 2  
  92  18:59  Overlord x2  
  92  19:00  Overlord  
  92  19:23  Queen  
  94  19:41  Chitinous Plating  
  94  20:02  Drone x4  
  94  20:03  Drone x2  
  100  20:13  Queen  
  102  21:21  Extractor  
  102  21:24  Extractor  
  100  21:41  Unknown, Drone x4  
  100  21:42  Drone x2  
  106  22:01  Adrenal Overload  
  106  22:23  Zerg Melee Weapons Level 3  
  106  22:40  Zerg Flyer Weapons Level 1  
  106  23:05  Ultralisk  
  106  23:06  Ultralisk x2  
  124  24:13  Unknown  
  124  24:17  Ultralisk x3  
  142  24:23  Zergling x2  
  143  24:46  Nydus Canal  
  143  25:18  Hydralisk Den  
  142  25:20  Zerg Flyer Armor Level 1  
  142  25:52  Unknown  
  142  26:03  Zerg Missile Weapons Level 3  
  142  26:06  Zergling x2  
  142  26:07  Zergling x26  
  142  26:08  Zergling x10  
  161  26:15  Overlord x3  
  161  26:16  Overlord x2  
  161  26:41  Pneumatized Carapace  
  161  27:25  Extractor  
  160  27:47  Hatchery  
  159  28:30  Hatchery  
  158  28:59  Corruptor  
  160  29:00  Corruptor x3  
  160  29:01  Corruptor x3  
  160  29:02  Corruptor x2  
  160  29:09  Zerg Flyer Weapons Level 2  
  176  29:38  Lair  
  176  29:43  Zerg Ground Armor Level 2  
  176  29:58  Drone x3  
  179  30:33  Hydralisk  
  179  30:38  Hydralisk  
  179  30:39  Hydralisk x8  
  199  31:03  Drone  
  200  31:13  Extractor  
  199  32:31  Greater Spire  
  199  34:13  Extractor  
  199  34:14  Zerg Ground Armor Level 3  
  199  34:17  Zerg Flyer Weapons Level 3  
  198  34:24  Brood Lord  
  200  34:38  Hive  
  200  34:44  Extractor  
  199  35:00  Nydus Canal  
  199  36:00  Nydus Canal  
Tags
 
Add a new tag
Caveats
  • Supply blocks, unpowered buildings, or Contaminate may cause inaccurate times.
  • Supply counts are checked every 10 seconds.